 Dungeon Crawl Stone Soup version 0.30-a0-1085-g990a428a5c (webtiles) character file.

Game seed: 1360793954152098675

15796 CryoSword the Cleaver (level 12, -5/62 HPs)
             Began as a Vine Stalker Necromancer on Apr 16, 2023.
             Was a High Priest of Kikubaaqudgha.
             Slain by a komodo dragon (17 damage)
             ... on level 11 of the Dungeon.
             The game lasted 00:35:42 (12688 turns).

CryoSword the Cleaver (Vine Stalker Necromancer)   Turns: 12688, Time: 00:35:43

Health: -5/62      AC:  7    Str: 15    XL:     12   Next: 30%
Magic:  0/26       EV: 18    Int: 15    God:    Kikubaaqudgha [*****.]
Gold:   977        SH:  0    Dex: 16    Spells: 2/17 levels left

rFire   + + .      SeeInvis .    w - +5 war axe of Woehism {flame, rF+ rCorr}
rCold   + . .      Faith    .    (no shield)
rNeg    . . .      Spirit   +    d - +0 troll leather armour
rPois   .          Reflect  .    x - +0 helmet
rElec   .          Rampage  .    h - scarf {rC+ rF+}
rCorr   +                        o - +0 pair of gloves
Will    +....                    I - +0 pair of boots
Stlth   ++++                     (no amulet)
HPRegen 1.90/turn                g - +5 ring of evasion
MPRegen 0.20/turn                j - ring of magical power

@: lethally poisoned (-5 -> -5)
A: fangs 3, regeneration 1, magic shield, antimagic bite, no potion heal 2
a: Renounce Religion, Unearth Wretches, Torment


You were on level 11 of the Dungeon.
You worshipped Kikubaaqudgha.
Kikubaaqudgha was extremely pleased with you.
You visited 2 branches of the dungeon, and saw 12 of its levels.
You also visited: Sewer and Ice Cave.

You collected 977 gold pieces.

Inventory:

Hand Weapons
 a - a +0 broad axe of freezing
   (You took it off an orc warrior on level 10 of the Dungeon)
 w - the +5 war axe of Woehism (weapon) {flame, rF+ rCorr}
   (You found it on level 2 of the Dungeon)

   rF:        It protects you from fire.
   rCorr:     It protects you from acid and corrosion.
Missiles
 J - 12 poisoned darts (quivered)
Armour
 d - a +0 troll leather armour (worn)
   (You found it on level 11 of the Dungeon)
 h - a scarf of resistance (worn)
   (You found it in an ice cave)
 o - a +0 pair of gloves (worn)
   (You found it on level 3 of the Dungeon)
 x - a +0 helmet (worn)
   (You found it on level 3 of the Dungeon)
 I - a +0 pair of boots (worn)
   (You found it on level 7 of the Dungeon)
Jewellery
 g - a +5 ring of evasion (left hand)
   (You took it off a hobgoblin on level 1 of the Dungeon)
 j - a ring of magical power (right hand)
   (You found it on level 2 of the Dungeon)
 r - a ring of positive energy
   (You found it in a sewer)
 C - a ring of protection from cold
   (You found it in an ice cave)
 L - a ring of fire
   (You found it on level 10 of the Dungeon)
Wands
 e - a wand of digging (5)
   (You found it on level 4 of the Dungeon)
 f - a wand of flame (27)
   (You found it on level 4 of the Dungeon)
 i - a wand of paralysis (16)
   (You found it on level 8 of the Dungeon)
Scrolls
 c - 9 scrolls of teleportation {@r4}
 m - a scroll of amnesia
 s - 2 scrolls of immolation {!r}
 u - 4 scrolls of blinking
 y - a scroll of fear
 B - a scroll of summoning
Potions
 b - 2 potions of magic
 p - 8 potions of flight
 q - a potion of brilliance {unknown}
 t - a potion of haste {@q3}
 v - a potion of ambrosia {unknown}
 z - 6 potions of curing {@q1}
 A - 2 potions of mutation {!q}
 E - 2 potions of invisibility
 G - 2 potions of lignification {!q}
 H - a potion of cancellation {unknown}
 M - 4 potions of attraction {!q}
 N - a potion of might


   Skills:
 + Level 6.8 Fighting
 - Level 3.3 Long Blades
 * Level 11.8 Axes
 + Level 4.4 Dodging
 - Level 10.0 Stealth
 - Level 3.0 Spellcasting
 + Level 4.0 Hexes
 + Level 8.3 Necromancy


You had 2 spell levels left.
You knew the following spells:

 Your Spells              Type           Power      Damage    Failure   Level
a - Dispel Undead         Necr           27%        3d13      8%          4
b - Vampiric Draining     Necr           27%        2d7       2%          3
c - Anguish               Hex/Necr       10%        N/A       19%         4
z - Animate Dead          Necr           27%        N/A       8%          4

Your spell library contained the following spells:

 Spells                   Type           Power      Damage    Failure   Level
 Necrotise                Necr           100%       1d9       1%          1
 Sublimation of Blood     Necr           27%        N/A       1%          2
 Slow                     Hex            56%        N/A       4%          1
 Cigotuvi's Dreadful Rot  Necr/Pois/Air  20%        N/A       12%         2
 Ensorcelled Hibernation  Hex/Ice        16%        N/A       16%         2
 Freeze                   Ice            8%         1d3       24%         1
 Summon Small Mammal      Summ           8%         N/A       24%         1
 Scorch                   Fire           4%         2d5       36%         2
 Wereblood                Tmut           2%         N/A       36%         2
 Confusing Touch          Hex            14%        N/A       14%         3
 Agony                    Necr           27%        N/A       22%         5
 Inner Flame              Hex/Fire       8%         N/A       32%         3
 Summon Guardian Golem    Hex/Summ       8%         N/A       32%         3
 Call Canine Familiar     Summ           2%         N/A       58%         3
 Frozen Ramparts          Ice            4%         1d1       58%         3
 Hailstorm                Conj/Ice       2%         3d3       58%         3
 Ozocubu's Armour         Ice            2%         N/A       58%         3
 Death Channel            Necr           13%        N/A       77%         6
 Flame Wave               Conj/Fire      2%         2d4       94%         4
 Yara's Violent Unravell  Hex/Tmut       4%         3d4       96%         5
 Freezing Cloud           Conj/Ice/Air   1%         6-21      100%        5
 Iskenderun's Battlesphe  Conj           2%         2d6       100%        5
 Iron Shot                Conj/Erth      1%         9d1       100%        6
 Summon Cactus Giant      Summ           1%         N/A       100%        6
 Enfeeble                 Hex            7%         N/A       100%        7
 Orb of Destruction       Conj           1%         9d5       100%        7
 Ozocubu's Refrigeration  Ice            1%         4d7       100%        7
 Spellforged Servitor     Conj/Summ      1%         N/A       100%        7
 Summon Hydra             Summ           1%         N/A       100%        7


Dungeon Overview and Level Annotations

Branches:
Dungeon (11/15)            Temple (1/1) D:6             Orc (0/2) D:9
  Sewer (visited)           IceCv (visited)
   Lair: D:8-11

Altars:
Cheibriados
Dithmenos
Fedhas
Hepliaklqana
Kikubaaqudgha
Makhleb
Qazlal
Ru
Sif Muna
Trog
Uskayaw
Vehumet
Wu Jian
Yredelemnul
Zin
The Shining One

Shops:
D:6 :

Annotations:
D:4 2 runed translucent doors, kuniqs's ghost, amateur DsFi
D:11 1 runed translucent door


Innate Abilities, Weirdness & Mutations

You have razor-sharp teeth.
Your natural rate of healing is unusually fast.
When hurt, damage is shared between your health and your magic reserves.
Your bite disrupts and absorbs the magic of your enemies.
Potions cannot restore your health.


Message History

A basilisk comes into view.
A basilisk is nearby!
The helpless basilisk fails to defend itself.
You slice the basilisk!! You burn the basilisk. The basilisk bites you!
You slice the basilisk!! You burn the basilisk.
You kill the basilisk!
Kikubaaqudgha accepts your kill.
No target in view!
You see here a basilisk corpse.
You now have 977 gold pieces (gained 11).
A basilisk comes into view.
A basilisk is nearby!
A basilisk is nearby!
A basilisk is nearby!
The helpless basilisk fails to defend itself.
You slice the basilisk!! You burn the basilisk.
A killer bee comes into view.
The basilisk bites you.
You hit the basilisk. You burn the basilisk.
The basilisk bites you but does no damage.
You hit the basilisk. You burn the basilisk.
You kill the basilisk!
Kikubaaqudgha accepts your kill.
A killer bee comes into view.
The killer bee moves out of view.
A wyvern comes into view.
The killer bee buzzes angrily.
You hear an angry hiss.
You hear a shout!
The killer bee misses you.
A killer bee comes into view.
The wyvern hisses angrily.
The killer bee buzzes angrily.
You hear an angry buzzing noise.
You hear an angry hiss.
Unknown command.
You miss the killer bee.
You hear an angry hiss.
The killer bee misses you.
A killer bee comes into view.
The killer bee closely misses you.
A kobold demonologist comes into view. It is wielding a +0 dagger.
You miss the killer bee. Your bite misses the killer bee.
The killer bee closely misses you. The killer bee completely misses you.
You slash the killer bee! You burn the killer bee. You bite the killer bee.
You kill the killer bee!
Kikubaaqudgha accepts your kill.
A killer bee comes into view.
The kobold demonologist completely misses you.
A komodo dragon comes into view.
You see here a basilisk corpse.
You hit the kobold demonologist. You burn the kobold demonologist.
You miss the killer bee. The killer bee stings you.
The kobold demonologist completely misses you.
The killer bee stings you but does no damage.
You slash the kobold demonologist! You burn the kobold demonologist.
You bite the kobold demonologist, but do no damage.
You hit the killer bee. You burn the killer bee.
The kobold demonologist hits you but does no damage.
The killer bee closely misses you. The killer bee misses you.
You miss the kobold demonologist.
Your bite misses the kobold demonologist.
You miss the killer bee. You hit the killer bee. You burn the killer bee.
The killer bee barely misses you. The killer bee closely misses you.
The kobold demonologist hits you but does no damage.
The killer bee barely misses you. x2
You closely miss the killer bee. Your bite misses the killer bee.
You slash the kobold demonologist! You burn the kobold demonologist.
You hit the killer bee. You burn the killer bee. The killer bee misses you.
The kobold demonologist mumbles some strange words.
The komodo dragon hisses menacingly.
The killer bee barely misses you. x2
You slash the kobold demonologist! You burn the kobold demonologist.
You kill the kobold demonologist!
Kikubaaqudgha accepts your kill.
The ufetubus disappears in a puff of smoke!
The quasit disappears in a puff of smoke!
The ufetubus disappears in a puff of smoke!
You miss the killer bee. You barely miss the killer bee.
You barely miss the wyvern.
The wyvern bites you but does no damage.
The killer bee completely misses you. The killer bee stings you.
You are poisoned.
The killer bee poisons you! The wyvern misses you.
The killer bee closely misses you. The killer bee misses you.
The killer bee stings you.
Your Hexes skill increases to level 4!
You miss the killer bee. Your bite misses the killer bee.
You hit the killer bee but do no damage.
You barely miss the killer bee. You slash the wyvern! You burn the wyvern.
You feel sick. The killer bee closely misses you. The killer bee misses you.
The killer bee barely misses you. The wyvern closely misses you.
You closely miss the killer bee. You bite the killer bee!
You kill the killer bee!
Kikubaaqudgha accepts your kill.
You hit the wyvern. You burn the wyvern. You hit the killer bee.
You burn the killer bee. You slash the killer bee! You burn the killer bee.
You feel sick. The killer bee stings you!
The wyvern bites you but does no damage.
The killer bee stings you.
The killer bee stings you but does no damage.
You completely miss the killer bee. Your bite misses the killer bee.
You slash the killer bee! You burn the killer bee.
You kill the killer bee!
Kikubaaqudgha accepts your kill.
You hit the komodo dragon. You burn the komodo dragon. You slash the wyvern!
You burn the wyvern.
You feel sick. The killer bee stings you.
You are more poisoned.
The killer bee poisons you! The wyvern bites you!
The komodo dragon closely misses you. The killer bee completely misses you.
The wyvern bites you.
You slash the komodo dragon! You burn the komodo dragon.
You miss the killer bee. You hit the wyvern. You burn the wyvern.
You kill the wyvern!
Kikubaaqudgha accepts your kill.
You feel very sick. The killer bee closely misses you.
The komodo dragon barely misses you.
The killer bee stings you but does no damage. x2
You slash the killer bee! You burn the killer bee.
You kill the killer bee!
Kikubaaqudgha accepts your kill.
You slash the komodo dragon! You burn the komodo dragon.
You slash the killer bee! You burn the killer bee.
You feel sick. The killer bee barely misses you. The komodo dragon bites you!
The killer bee barely misses you.
You hit the komodo dragon. You burn the komodo dragon. You miss the killer bee.
You feel sick. The killer bee stings you!
* * * LOW HITPOINT WARNING * * *
The komodo dragon bites you!!
* * * LOW HITPOINT WARNING * * *
You feel sick. The killer bee misses you.
You feel sick. The killer bee stings you.
* * * LOW HITPOINT WARNING * * *
You are more poisoned.
The killer bee poisons you!
You hit the killer bee. You burn the killer bee. You bite the killer bee.
You kill the killer bee!
Kikubaaqudgha accepts your kill.
You hit the komodo dragon but do no damage.
You feel sick. The komodo dragon closely misses you.
A komodo dragon comes into view.
You feel sick.
You feel sick.
The komodo dragon attacks as you move away!
The komodo dragon bites you but does no damage.
You feel sick.
You hit the komodo dragon. You burn the komodo dragon.
You bite the komodo dragon. You drain its power.
You feel invigorated.
You feel sick. The komodo dragon closely misses you.
You hit the komodo dragon. You burn the komodo dragon.
Your bite misses the komodo dragon.
You feel sick. The komodo dragon bites you!!
You die...
Kikubaaqudgha rasps: "You have failed me!
Welcome... death!"

# ### ## ####.# .
.###...#### #..
....###.†.######
######.... #####
####..##.#
###.†)......
##....###...††..l#
##....@l..††##.#.#
#####.###### ###


You could see a komodo dragon.

Vanquished Creatures
  2 two-headed ogres (D:10)
  Urug (D:10)
  2 bog bodies (IceCv)
  A wizard (D:11)
  An ice statue (IceCv)
  Maggie (D:8)
  A gargoyle (D:10)
  A komodo dragon (D:11)
  A kobold demonologist (D:11)
  2 rime drakes (D:11)
  An anaconda simulacrum (IceCv)
  5 trolls
  3 wyverns
  A dire elephant simulacrum (IceCv)
  2 shadows
  2 basilisks (D:11)
  A wraith (D:9)
  9 yaks
  A death yak simulacrum (IceCv)
  2 steam dragons
  A harpy simulacrum (IceCv)
  An acid dragon (D:9)
  4 hydra simulacra (IceCv)
  3 water moccasins
  2 black bears (D:6)
  8 orc warriors
  An ice beast (D:7)
  2 sky beasts
  A centaur (D:9)
  2 kobold brigands
  3 phantoms
  6 bullfrogs
  9 two-headed ogre simulacra (IceCv)
  2 cane toad simulacra (IceCv)
  2 gnoll sergeants (D:8)
  2 scorpions
  4 wights (D:10)
  2 troll zombies (D:9)
  An elephant simulacrum (IceCv)
  5 killer bees (D:11)
  A howler monkey (D:8)
  Crazy Yiuf (D:7)
  7 orc priests
  4 hounds
  A jelly (D:8)
  5 iguanas
  2 sleepcaps
  10 orc wizards
  A sickly merfolk siren (Sewer)
  A malarious merfolk avatar (Sewer)
  3 polar bear simulacra (IceCv)
  A wolf simulacrum (IceCv)
  4 spriggan simulacra (IceCv)
  9 troll simulacra (IceCv)
  4 ogre zombies (D:9)
  12 gnolls
  13 adders
  7 naga simulacra (IceCv)
  A river rat (Sewer)
  2 shadow imps
  6 white imps
  3 ufetubi (IceCv)
  2 worms
  2 dart slugs (D:2)
  29 orcs
  10 ball pythons
  4 endoplasms
  7 giant cockroaches
  8 goblins
  9 hobgoblins
  11 jackals
  8 quokkas
  7 bats
  9 frilled lizards
  2 goblin zombies (D:9)
  4 hobgoblin zombies (D:9)
  22 kobolds
  3 orc skeletons (D:9)
  10 orc zombies (D:9)
  17 rats
  A spectral orc (D:8)
364 creatures vanquished.

Vanquished Creatures (collateral kills)
  3 rats
3 creatures vanquished.

Vanquished Creatures (others)
  A black bear (D:8)
1 creature vanquished.

Grand Total: 368 creatures vanquished

Notes
Turn   | Place    | Note
-------+----------+-------------------------------------------
     0 | D:1      | CryoSword the Vine Stalker Necromancer began the quest for
                  | the Orb.
     0 | D:1      | Reached XP level 1. HP: 9/9 MP: 4/4
    83 | D:1      | Reached skill level 1 in Long Blades
   105 | D:1      | Reached XP level 2. HP: 11/13 MP: 0/6
   398 | D:1      | Reached XP level 3. HP: 16/16 MP: 4/7
  1017 | D:2      | Gained mutation: Your natural rate of healing is unusually
                  | fast. [Vine Stalker growth]
  1017 | D:2      | Reached XP level 4. HP: 17/21 MP: 2/8
  1110 | D:1      | Learned a level 3 spell: Vampiric Draining
  1171 | D:2      | Identified the +5 war axe of Woehism {flame, rF+ rCorr}
  1376 | D:2      | Reached skill level 1 in Axes
  1759 | D:3      | Found a glowing drain.
  1779 | Sewer    | Entered a sewer
  1810 | Sewer    | Reached XP level 5. HP: 7/24 MP: 1/9
  1812 | Sewer    | Reached skill level 2 in Axes
  2224 | Sewer    | Reached skill level 3 in Axes
  2471 | D:3      | Reached XP level 6. HP: 28/28 MP: 10/10
  2499 | D:3      | Learned a level 4 spell: Animate Dead
  3255 | D:4      | Reached skill level 4 in Axes
  3271 | D:4      | You fall into a shaft and drop 2 floors!
  3307 | D:6      | Noticed a sky beast
  3386 | D:6      | Found Ytaziv's Book Shop.
  3467 | D:5      | Entered Level 5 of the Dungeon
  3779 | D:4      | Found a hide-covered altar of Uskayaw.
  4010 | D:4      | Reached XP level 7. HP: 32/32 MP: 11/11
  4124 | D:4      | Found a large runed translucent door.
  4124 | D:4      | Found a large runed translucent door.
  4127 | D:4      | Noticed kuniqs's ghost (amateur DsFi)
  4350 | D:4      | Reached skill level 5 in Axes
  4637 | D:4      | Found a burning altar of Makhleb.
  4756 | D:4      | Reached skill level 5 in Stealth
  4931 | D:5      | Gained mutation: You have razor-sharp teeth. [Vine Stalker
                  | growth]
  4931 | D:5      | Reached XP level 8. HP: 36/36 MP: 12/12
  5008 | D:5      | Reached skill level 6 in Axes
  5592 | D:6      | Identified the +7 halberd of Vuqoshax {heavy, rF+ Str+2
                  | Stlth+}
  5788 | D:6      | Reached skill level 7 in Axes
  5942 | D:6      | Found a staircase to the Ecumenical Temple.
  5950 | Temple   | Entered the Ecumenical Temple
  5992 | Temple   | Became a worshipper of Kikubaaqudgha
  6286 | D:7      | Noticed a troll
  6306 | D:7      | Killed a troll
  6307 | D:7      | Reached skill level 8 in Axes
  6307 | D:7      | Reached XP level 9. HP: 33/39 MP: 13/13
  6755 | D:7      | Found a runed translucent door.
  6756 | D:7      | Noticed Crazy Yiuf
  6919 | D:7      | Reached * piety under Kikubaaqudgha
  6919 | D:7      | Received a gift from Kikubaaqudgha
  6923 | D:7      | Reached skill level 1 in Fighting
  7006 | D:7      | Found a snail-covered altar of Cheibriados.
  7600 | D:7      | Killed Crazy Yiuf
  7707 | D:8      | Reached skill level 9 in Axes
  7869 | D:8      | Noticed Maggie
  8043 | D:8      | Found a shimmering blue altar of Sif Muna.
  8097 | D:8      | Reached XP level 10. HP: 48/48 MP: 15/15
  8159 | D:8      | Reached skill level 5 in Necromancy
  8337 | D:8      | Found a stormy altar of Qazlal.
  8489 | D:8      | Found a basalt altar of Yredelemnul.
  8577 | D:8      | Found a stormy altar of Qazlal.
  8754 | D:8      | Killed Maggie
  8866 | D:8      | Found a basalt altar of Yredelemnul.
  8952 | D:8      | Found a shimmering blue altar of Sif Muna.
  9129 | D:9      | Found an ornate altar of the Wu Jian Council.
  9258 | D:9      | Reached ** piety under Kikubaaqudgha
  9259 | D:9      | Reached skill level 10 in Axes
  9382 | D:9      | Reached skill level 10 in Stealth
  9537 | D:9      | Reached skill level 5 in Fighting
  9639 | D:9      | Found a staircase to the Orcish Mines.
  9649 | D:9      | Reached XP level 11. HP: 36/55 MP: 16/16
  9874 | D:9      | Reached *** piety under Kikubaaqudgha
  9874 | D:9      | Received a gift from Kikubaaqudgha
  9972 | D:9      | Found a glowing golden altar of the Shining One.
 10242 | D:9      | Learned a level 4 spell: Anguish
 10253 | D:10     | Entered Level 10 of the Dungeon
 10277 | D:10     | Noticed Urug
 10287 | D:10     | Killed Urug
 10344 | D:10     | Noticed a two-headed ogre
 10351 | D:10     | Killed a two-headed ogre
 10352 | D:10     | Reached skill level 1 in Hexes
 10514 | D:10     | Found a hazy altar of Hepliaklqana.
 10515 | D:10     | Found a shadowy altar of Dithmenos.
 10575 | D:10     | Learned a level 4 spell: Dispel Undead
 10607 | D:10     | Noticed a two-headed ogre
 10614 | D:10     | Killed a two-headed ogre
 10803 | D:10     | Found a sacrificial altar of Ru.
 10886 | D:10     | Found a blossoming altar of Fedhas.
 11199 | D:11     | Noticed a wizard
 11220 | D:11     | Killed a wizard
 11221 | D:11     | Reached skill level 11 in Axes
 11313 | D:11     | Found a runed translucent door.
 11316 | D:11     | Found a frozen archway.
 11334 | IceCv    | Entered an ice cave
 11688 | IceCv    | Reached **** piety under Kikubaaqudgha
 12035 | IceCv    | Reached XP level 12. HP: 62/62 MP: 10/17
 12294 | IceCv    | Reached ***** piety under Kikubaaqudgha
 12410 | IceCv    | Got the Incunabulum of Refrigeration
 12688 | D:11     | Slain by a komodo dragon

Illustrated notes

Levels and vault maps discovered:
D:1:      zelgadis_glass_arrival_small, layout_rooms, minmay_liquid_box
D:2:      layout_rooms, serial_aquarium, aquarium_bridge_square
          [aquarium_subvault_wall, aquarium_subvault_bridge,
          aquarium_subvault_wall, aquarium_subvault_wall],
          aquarium_bridge_straight [aquarium_subvault_bridge,
          aquarium_subvault_window, aquarium_subvault_bridge,
          aquarium_subvault_window], aquarium_window_corner, aquarium_window_2,
          aquarium_window_corner, aquarium_view_2b, aquarium_balcony_3b,
          aquarium_pool_2
D:3:      layout_loops_corners, portal_sewer_entry_b
D:4:      layout_basic, nicolae_uskayaw_murder_on_the_dancefloor,
          lightli_temple_of_fire, ebering_ghost_disaster_area
D:5:      layout_basic
D:6:      layout_basic, minmay_temple_entry_glassed_door, serial_shops,
          nicolae_shop_peninsula
D:7:      layout_layer_cave, kennysheep_mini_moat, grunt_ministairs_14,
          minmay_misc_feat_columns, minmay_holes, uniq_crazy_yiuf_cottage
D:8:      layout_cave_pools, lemuel_coloured_pillars_altar,
          yredelemnul_forgotten_temple_becter, lemuel_crystal_altar, uniq_maggie
D:9:      layout_small_grid, lemuel_round_altar, tso_oasis_becter,
          zombieorc1_lemuel, minmay_fractal_squares_5
D:10:     layout_long_grid, riverfiend_overflow_shadow_ancestor,
          fedhas_ov_isle_minmay, mainiacjoe_overflow_paths, grunt_ministairs_8,
          nicolae_benzene_ring, uniq_urug
D:11:     minmay_tri_box, layout_loops_ring, erik_lair_dragon,
          portal_ice_cave_rime, lightli_church_of_beogh
Temple:   hellmonk_temple_beads

Skill      XL: |  1  2  3  4  5  6  7  8  9 10 11 12 |
---------------+-------------------------------------+-----
Long Blades    | 1 2 3 |  3.3
Axes           | 1 3 4 5 8 9 10 11 | 11.8
Stealth        | 3 5 7 9 10 | 10.0
Fighting       | 2 5 6 |  6.8
Spellcasting   | 3 |  3.0
Necromancy     | 6 7 8 |  8.3
Dodging        | 2 4 |  4.4
Hexes          | 3 4 |  4.0

Action                     |  1- 3 |  4- 6 |  7- 9 | 10-12 || total
---------------------------+-------+-------+-------+-------++-------
  Melee: Dagger            |    14 |       |       |       ||    14
         Bite              |    14 |    22 |    39 |   134 ||   209
         Short sword       |    32 |    10 |       |       ||    42
         War axe           |       |   121 |   202 |   399 ||   722
         Punch             |       |       |     3 |     1 ||     4
  Throw: Dart              |       |     1 |    14 |     5 ||    20
         Boomerang         |       |       |     1 |       ||     1
   Cast: Necrotise         |    43 |    52 |    18 |     3 ||   116
         Vampiric Draining |       |       |       |     2 ||     2
    Use: Scroll            |       |     3 |     5 |     9 ||    17
   Stab: Distracted        |     1 |       |       |     2 ||     3
         Sleeping          |       |     6 |    13 |    22 ||    41
 Armour: Robe              |    18 |    23 |    32 |       ||    73
         Steam dragon scal |       |       |     3 |    45 ||    48
         Troll leather arm |       |       |       |    38 ||    38
  Dodge: Dodged            |    64 |   139 |   156 |   261 ||   620

Table legend: (Time is in decaauts)
 A = Elapsed time spent in this place.
 B = Non-inter-level travel time spent in this place.
 C = Inter-level travel time spent in this place.
 D = Time resting spent in this place.
 E = Time spent auto-exploring this place.
 F = Levels seen in this place.
 G = Mean time per level.
                   A        B        C        D        E       F      G
               +--------+--------+--------+--------+--------+-----+--------+
         Total |  12807 |  12293 |    514 |    962 |   7383 |  14 |  914.8 |
       Dungeon |  10883 |  10392 |    491 |    605 |   6869 |  11 |  989.4 |
        Temple |     66 |     43 |     23 |      0 |     29 |   1 |   66.0 |
         Sewer |    673 |    673 |      0 |     72 |    383 |   1 |  673.0 |
      Ice Cave |   1183 |   1183 |      0 |    285 |    102 |   1 | 1183.0 |
               +--------+--------+--------+--------+--------+-----+--------+

Top non-repeatable levels by time:
     D:8: 1339 daAuts
     D:7: 1279 daAuts
     D:9: 1222 daAuts
   IceCv: 1183 daAuts
     D:6: 1151 daAuts
     D:4: 1097 daAuts
     D:3: 1014 daAuts
     D:1: 950 daAuts
     D:5: 888 daAuts
    D:10: 869 daAuts
     D:2: 693 daAuts
   Sewer: 673 daAuts
    D:11: 374 daAuts
  Temple: 66 daAuts
